Atomiques vs Patriotes
Created - 28 novembre 2012 at 23:23
Goals
|
| Atomiques |
2 |
1 |
1 |
4 |
| Patriotes |
0 |
3 |
2 |
5 |
|
Shots
|
| Atomiques |
18 |
13 |
12 |
43 |
| Patriotes |
7 |
14 |
11 |
32 |
|
1st period
1. Atomiques , Mattias Ohlund 1 (Nick Johnson, Kevin Estrada) at 18:22
2. Atomiques , Brandon Dubinsky 6 (Daniel Carcillo, Brendon Nash) at 19:15
Penalties :
No Penalty
2nd period
3. Patriotes , Mathieu Perreault 1 (Andrei Zyuzin, Aaron Ward) at 0:55
4. Atomiques , Kyle Okposo 1 (Boyd Gordon, Shawn Belle) at 3:34
5. Patriotes , Andrew Gordon 2 (D.J King, Ryan Potulny) at 8:06
6. Patriotes , D.J King 4 (Andrew Gordon, Andrei Zyuzin) at 17:40
Penalties :
Christian Hanson (Nyc) for Holding (Minor) at 18:35
3rd period
7. Patriotes , Andrew Gordon 3 (D.J King, Ryan Potulny) at 1:04
8. Patriotes , Christian Hanson 2 (Michael Frolik, Ben Guite) at 12:23
9. Atomiques , Daniel Carcillo 3 (Phil Kessel, Brandon Dubinsky) at 16:49 (PP)
Penalties :
Phil Kessel (STB) for Hooking (Minor) at 1:17, Nigel Williams (Nyc) for Interference (Minor) at 16:39, Brett Skinner (Nyc) for Holding (Minor) at 18:52, Adam Pardy (STB) for Hooking (Minor) at 18:52
Goalie Stats
Semyon Varlamov (STB), 27 saves from 32 shots - (0,844), L, 1-3-0, 59:00 minutes
Joey MacDonald (Nyc), 39 saves from 43 shots - (0,907), W, 4-1-1, 60:00 minutes
Players Stats for Atomiques
Player Name G A P +/- PIM S H SB GA TA FO MP PP MP PK MP
------------------------------------------------------------------------------------
Adam Pardy 0 0 0 -1 2 1 2 1 0 1 0/0 21:27 1:30 1:01
Andy Greene 0 0 0 0 0 0 2 0 1 0 0/0 15:56 0:00 0:00
Boyd Gordon 0 1 1 1 0 4 5 1 0 0 6/16 17:11 0:47 1:14
Brandon Dubinsky 1 1 2 1 0 5 1 1 0 0 24/34 21:30 1:22 0:00
Brendon Nash 0 1 1 -2 0 2 1 1 0 0 0/0 16:59 0:39 0:58
Brett Sutter 0 0 0 -1 0 0 1 0 0 0 2/4 8:01 0:00 0:00
Daniel Carcillo 1 1 2 1 0 5 0 0 1 0 1/1 22:42 1:22 1:12
Denis Hamel 0 0 0 1 0 2 0 1 0 0 0/1 15:50 0:47 0:16
John Zeiler 0 0 0 -3 0 5 2 1 2 0 1/1 14:02 0:47 0:29
Kevin Estrada 0 1 1 -1 0 1 0 0 0 0 0/0 8:01 0:00 0:00
Kyle Okposo 1 0 1 1 0 1 2 1 0 0 0/1 14:34 0:00 0:00
Kyle Turris 0 0 0 -3 0 1 0 0 0 0 2/5 13:02 0:00 0:29
Mattias Ohlund 1 0 1 0 0 3 1 1 2 2 0/0 27:05 1:30 1:01
Nick Johnson 0 1 1 -1 0 0 1 0 0 0 0/0 8:19 0:00 0:18
Pat Rissmiller 0 0 0 -3 0 6 2 0 0 0 0/0 12:11 0:00 0:00
Phil Kessel 0 1 1 1 2 4 1 0 2 1 1/1 21:30 1:22 0:00
Shawn Belle 0 1 1 0 0 0 0 2 0 0 0/0 16:13 0:00 0:00
Wes O'Neill 0 0 0 -1 0 3 4 0 0 2 0/0 22:19 0:39 0:58
Players Stats for Patriotes
Player Name G A P +/- PIM S H SB GA TA FO MP PP MP PK MP
------------------------------------------------------------------------------------
A.J Thelen 0 0 0 1 0 0 0 3 0 2 0/0 19:21 1:07 0:36
Aaron Ward 0 1 1 1 0 5 0 0 0 1 0/0 25:13 0:52 1:33
Andreas Nodl 0 0 0 -1 0 0 1 0 1 0 2/2 13:35 0:00 0:00
Andrei Zyuzin 0 2 2 1 0 0 1 0 0 1 0/0 21:09 0:52 1:23
Andrew Gordon 2 1 3 3 0 6 1 0 0 0 0/1 19:24 0:55 0:24
Ben Guite 0 1 1 0 0 2 2 1 0 0 1/4 21:21 1:04 1:33
Brett Skinner 0 0 0 1 2 0 1 4 0 1 0/0 18:51 1:07 0:36
Cade Fairchild 0 0 0 0 0 0 0 0 0 0 0/0 0:00 0:00 0:00
Carl Sneep 0 0 0 0 0 0 0 0 0 0 0/0 0:00 0:00 0:00
Christian Hanson 1 0 1 0 2 1 0 0 1 0 9/25 19:05 1:04 0:00
D.J King 1 2 3 3 0 8 2 0 1 0 0/5 19:36 0:55 0:36
Davis Drewiske 0 0 0 -1 0 0 0 2 1 0 0/0 13:41 0:00 0:00
Fedor Fedorov 0 0 0 -1 0 1 1 0 0 1 0/0 14:18 0:00 0:00
Jack Hillen 0 0 0 1 0 0 0 1 0 0 0/0 5:39 0:00 0:00
Joe Charlebois 0 0 0 -1 0 0 1 1 0 1 0/0 10:26 0:00 0:10
Joe Stejskal 0 0 0 0 0 0 0 0 0 0 0/0 0:00 0:00 0:00
Mathieu Perreault 1 0 1 -1 0 2 1 0 0 0 2/3 13:35 0:00 0:00
Matt Watkins 0 0 0 0 0 0 0 0 0 0 0/1 5:28 0:00 0:00
Michael Frolik 0 1 1 0 0 2 0 0 2 0 4/8 25:30 1:04 1:33
Nigel Williams 0 0 0 1 2 0 0 0 0 0 0/0 5:38 0:00 0:00
Ryan Potulny 0 2 2 3 0 4 0 0 0 1 9/15 18:52 0:55 0:00
T.J Galiardi 0 0 0 0 0 1 1 0 0 0 0/0 5:59 0:00 0:12
3 Stars
1 - Andrew Gordon (Nyc)
2 - D.J King (Nyc)
3 - Brandon Dubinsky (STB)
Power Play
Atomiques - 1 on 2 Attempt(s) - 50,00%
Patriotes - 0 on 1 Attempt(s) - 0,00%
Penalty Kill
Atomiques - 1 on 1 Attempt(s) - 100,00%
- Score 0 goal in Penalty Kill
Patriotes - 1 on 2 Attempt(s) - 50,00%
- Score 0 goal in Penalty Kill
Official
Referees : Morton Dean and Joannette Marc
Linesman : Pierre Champoux and Brian Mach
Game Notes
Andrei Zyuzin is injured at 11:32 of 3rd period (Bruised Right Shoulder)
Atomiques
5 vs 5 Forward
Center Left Wing Right Wing Time % Phy DF OF
1 Brandon Dubinsky Daniel Carcillo Phil Kessel 40 1 2 2
2 Boyd Gordon Denis Hamel Kyle Okposo 30 1 2 2
3 Kyle Turris Pat Rissmiller John Zeiler 20 1 2 2
4 Brett Sutter Kevin Estrada Nick Johnson 10 1 2 2
5 vs 5 Defense
Defense Defense Time % Phy DF OF
1 Mattias Ohlund Wes O'Neill 40 1 2 2
2 Adam Pardy Brendon Nash 30 1 2 2
3 Shawn Belle Andy Greene 20 1 2 2
4 Mattias Ohlund Adam Pardy 10 1 2 2
PowerPlay Forward
Center Left Wing Right Wing Time % Phy DF OF
1 Brandon Dubinsky Daniel Carcillo Phil Kessel 60 1 2 2
2 Boyd Gordon Denis Hamel John Zeiler 40 1 2 2
PowerPlay Defense
Defense Defense Time % Phy DF OF
1 Mattias Ohlund Adam Pardy 60 1 2 2
2 Brendon Nash Wes O'Neill 40 1 2 2
Penalty Kill 4 Players Forward
Center Wing Time % Phy DF OF
1 Boyd Gordon Daniel Carcillo 60 1 2 2
2 Kyle Turris John Zeiler 40 1 2 2
Penalty Kill 4 Players Defense
Defense Defense Time % Phy DF OF
1 Mattias Ohlund Adam Pardy 60 1 2 2
2 Brendon Nash Wes O'Neill 40 1 2 2
Penalty Kill - 3 Players Forward
Forward Time % Phy DF OF
1 Daniel Carcillo 60 1 2 2
2 John Zeiler 40 1 2 2
Penalty Kill - 3 Players Defense
Defense Defense Time % Phy DF OF
1 Mattias Ohlund Adam Pardy 60 1 2 2
2 Brendon Nash Wes O'Neill 40 1 2 2
4 vs 4 Forward
Center Wing Time % Phy DF OF
1 Brandon Dubinsky Daniel Carcillo 60 1 2 2
2 Boyd Gordon Phil Kessel 40 1 2 2
4 vs 4 Defense
Defense Defense Time % Phy DF OF
1 Mattias Ohlund Wes O'Neill 60 1 2 2
2 Brendon Nash Adam Pardy 40 1 2 2
Last Minutes Offensive
Center Left Wing Right Wing Defense Defense
Brandon Dubinsky Daniel Carcillo Phil Kessel Mattias Ohlund Adam Pardy
Last Minutes Defensive
Center Left Wing Right Wing Defense Defense
Brandon Dubinsky Daniel Carcillo John Zeiler Mattias Ohlund Adam Pardy
Goaltenders
Starting : Semyon Varlamov
Backup : Mike Brodeur
Extra Forwards
Normal : Pat Rissmiller, Kyle Okposo, Nick Johnson - PP : Pat Rissmiller, Kyle Okposo - PK : Nick Johnson
Extra Defensemen
Normal : Shawn Belle, Brendon Nash, Andy Greene - PP : Shawn Belle - PK : Brendon Nash, Andy Greene
Penalty Shots
Daniel Carcillo, Brandon Dubinsky, Denis Hamel, Boyd Gordon, John Zeiler
Patriotes
5 vs 5 Forward
Center Left Wing Right Wing Time % Phy DF OF
1 Christian Hanson Michael Frolik Ben Guite 40 1 2 2
2 Ryan Potulny D.J King Andrew Gordon 30 1 2 2
3 Mathieu Perreault Fedor Fedorov Andreas Nodl 20 1 2 2
4 Michael Frolik T.J Galiardi Matt Watkins 10 1 2 2
5 vs 5 Defense
Defense Defense Time % Phy DF OF
1 Aaron Ward Andrei Zyuzin 40 1 2 2
2 A.J Thelen Brett Skinner 30 1 2 2
3 Davis Drewiske Joe Charlebois 20 1 2 2
4 Jack Hillen Nigel Williams 10 1 2 2
PowerPlay Forward
Center Left Wing Right Wing Time % Phy DF OF
1 Christian Hanson Michael Frolik Ben Guite 60 1 2 2
2 Ryan Potulny D.J King Andrew Gordon 40 1 2 2
PowerPlay Defense
Defense Defense Time % Phy DF OF
1 Aaron Ward Andrei Zyuzin 60 1 2 2
2 A.J Thelen Brett Skinner 40 1 2 2
Penalty Kill 4 Players Forward
Center Wing Time % Phy DF OF
1 Michael Frolik Ben Guite 60 1 2 2
2 D.J King Andrew Gordon 40 1 2 2
Penalty Kill 4 Players Defense
Defense Defense Time % Phy DF OF
1 Aaron Ward Andrei Zyuzin 60 1 2 2
2 A.J Thelen Brett Skinner 40 1 2 2
Penalty Kill - 3 Players Forward
Forward Time % Phy DF OF
1 Michael Frolik 60 1 2 2
2 Ben Guite 40 1 2 2
Penalty Kill - 3 Players Defense
Defense Defense Time % Phy DF OF
1 Aaron Ward Andrei Zyuzin 60 1 2 2
2 A.J Thelen Brett Skinner 40 1 2 2
4 vs 4 Forward
Center Wing Time % Phy DF OF
1 Michael Frolik Ben Guite 60 1 2 2
2 D.J King Andrew Gordon 40 1 2 2
4 vs 4 Defense
Defense Defense Time % Phy DF OF
1 Aaron Ward Andrei Zyuzin 60 1 2 2
2 A.J Thelen Brett Skinner 40 1 2 2
Last Minutes Offensive
Center Left Wing Right Wing Defense Defense
Christian Hanson Michael Frolik Ben Guite Aaron Ward Andrei Zyuzin
Last Minutes Defensive
Center Left Wing Right Wing Defense Defense
Christian Hanson Michael Frolik Ben Guite Aaron Ward Andrei Zyuzin
Goaltenders
Starting : Joey MacDonald
Backup : Leland Irving
Extra Forwards
Normal : Fedor Fedorov, Andreas Nodl, T.J Galiardi - PP : Fedor Fedorov, Andreas Nodl - PK : T.J Galiardi
Extra Defensemen
Normal : Davis Drewiske, Joe Charlebois, Jack Hillen - PP : Davis Drewiske - PK : Joe Charlebois, Jack Hillen
Penalty Shots
Michael Frolik, Ben Guite, D.J King, Andrew Gordon, Fedor Fedorov
% Time on Ice - Atomiques
Lines # - Real PCT - Wanted PCT - Time Play
Normal Forward
1 - 35% - 40% - 19:16
2 - 28% - 30% - 15:09
3 - 22% - 20% - 12:11
4 - 15% - 10% - 8:01
Normal Defense
1 - 35% - 40% - 19:00
2 - 25% - 30% - 13:43
3 - 29% - 20% - 15:56
4 - 11% - 10% - 5:58
PP Forward
1 - 64% - 60% - 1:22
2 - 36% - 40% - 0:47
PP Defense
1 - 70% - 60% - 1:30
2 - 30% - 40% - 0:39
PK Forward
1 - 76% - 60% - 1:30
2 - 24% - 40% - 0:29
PK Defense
1 - 51% - 60% - 1:01
2 - 49% - 40% - 0:58
PK3 Forward
1 - 0% - 60%
2 - 0% - 40%
PK3 Defense
1 - 0% - 60%
2 - 0% - 40%
44 Forward
1 - 66% - 60% - 0:44
2 - 34% - 40% - 0:23
44 Defense
1 - 75% - 60% - 0:50
2 - 25% - 40% - 0:17
Last Minute Offensive - 0:08
Last Minute Defensive - 0:00
Total
Forward - 60:00
Defense - 60:00
|
% Time on Ice - Patriotes
Lines # - Real PCT - Wanted PCT - Time Play
Normal Forward
1 - 33% - 40% - 17:57
2 - 32% - 30% - 17:40
3 - 25% - 20% - 13:35
4 - 10% - 10% - 5:28
Normal Defense
1 - 41% - 40% - 22:10
2 - 31% - 30% - 17:04
3 - 18% - 20% - 9:47
4 - 10% - 10% - 5:39
PP Forward
1 - 54% - 60% - 1:04
2 - 46% - 40% - 0:55
PP Defense
1 - 44% - 60% - 0:52
2 - 56% - 40% - 1:07
PK Forward
1 - 81% - 60% - 1:45
2 - 19% - 40% - 0:24
PK Defense
1 - 72% - 60% - 1:33
2 - 28% - 40% - 0:36
PK3 Forward
1 - 0% - 60%
2 - 0% - 40%
PK3 Defense
1 - 0% - 60%
2 - 0% - 40%
44 Forward
1 - 63% - 60% - 0:42
2 - 37% - 40% - 0:25
44 Defense
1 - 57% - 60% - 0:38
2 - 43% - 40% - 0:29
Last Minute Offensive - 0:00
Last Minute Defensive - 0:05
Total
Forward - 60:00
Defense - 60:00
|
Play by Play
1st period
0:01 of 1st period - Brandon Dubinsky wins face-off versus Ben Guite in neutral zone.
0:08 of 1st period - Snap shot by Daniel Carcillo.
0:08 of 1st period - Shot Misses the Net.
0:30 of 1st period - Off-side.
0:31 of 1st period - Ryan Potulny wins face-off versus Kyle Turris in neutral zone.
0:38 of 1st period - Snap shot by D.J King.
0:38 of 1st period - Shot Misses the Net.
0:40 of 1st period - Snap shot by D.J King.
0:40 of 1st period - Stopped by Semyon Varlamov with a rebound.
0:42 of 1st period - Snap shot by D.J King.
0:42 of 1st period - Shot Blocked by John Zeiler.
0:44 of 1st period - Slapshot by Ryan Potulny.
0:44 of 1st period - Stopped by Semyon Varlamov with a rebound.
0:46 of 1st period - Snap shot by Andrew Gordon.
0:46 of 1st period - Shot Misses the Net.
0:58 of 1st period - Fedor Fedorov is hit by Boyd Gordon and loses puck.
1:39 of 1st period - Jack Hillen is hit by Nick Johnson and loses puck.
2:15 of 1st period - Icing by Andrei Zyuzin.
2:16 of 1st period - Boyd Gordon wins face-off versus Christian Hanson in Patriotes zone.
2:41 of 1st period - Ben Guite is hit by Brett Sutter and loses puck.
3:30 of 1st period - Aaron Ward is hit by John Zeiler and loses puck.
3:47 of 1st period - A.J Thelen is hit by Phil Kessel and loses puck.
3:56 of 1st period - Wes O'Neill is hit by Brett Skinner and loses puck.
4:04 of 1st period - Icing by Phil Kessel.
4:05 of 1st period - Mathieu Perreault wins face-off versus Brett Sutter in Atomiques zone.
4:12 of 1st period - Snap shot by Mattias Ohlund.
4:12 of 1st period - Shot Misses the Net.
4:14 of 1st period - Snap shot by Kevin Estrada.
4:14 of 1st period - Stopped by Joey MacDonald without a rebound.
4:15 of 1st period - Brandon Dubinsky wins face-off versus Ryan Potulny in Patriotes zone.
4:24 of 1st period - Snap shot by Phil Kessel.
4:24 of 1st period - Deflect By Daniel Carcillo.
4:24 of 1st period - Stopped by Joey MacDonald with a rebound.
4:26 of 1st period - Snap shot by Phil Kessel.
4:26 of 1st period - Shot Blocked by Joe Charlebois.
4:28 of 1st period - Slapshot by Adam Pardy.
4:28 of 1st period - Shot Misses the Net.
4:30 of 1st period - Slapshot by Adam Pardy.
4:30 of 1st period - Stopped by Joey MacDonald without a rebound.
4:31 of 1st period - Ben Guite wins face-off versus Boyd Gordon in Patriotes zone.
4:44 of 1st period - Backhand shot by Ben Guite.
4:44 of 1st period - Deflect By Michael Frolik.
4:44 of 1st period - Shot Misses the Net.
4:44 of 1st period - Puck is out of play.
4:45 of 1st period - Brandon Dubinsky wins face-off versus Ryan Potulny in Atomiques zone.
5:43 of 1st period - Snap shot by Pat Rissmiller.
5:43 of 1st period - Stopped by Joey MacDonald with a rebound.
5:45 of 1st period - Snap shot by Adam Pardy.
5:45 of 1st period - Deflect By Kyle Turris.
5:45 of 1st period - Shot Misses the Net.
5:45 of 1st period - Puck is out of play.
5:46 of 1st period - Brandon Dubinsky wins face-off versus Ryan Potulny in Patriotes zone.
5:57 of 1st period - Snap shot by Brandon Dubinsky.
5:57 of 1st period - Shot Blocked by Jack Hillen.
6:22 of 1st period - Snap shot by Fedor Fedorov.
6:22 of 1st period - Shot Misses the Net.
6:34 of 1st period - Snap shot by Michael Frolik.
6:34 of 1st period - Shot Misses the Net.
6:36 of 1st period - Wrist shot by T.J Galiardi.
6:36 of 1st period - Stopped by Semyon Varlamov without a rebound.
6:37 of 1st period - Michael Frolik wins face-off versus Boyd Gordon in Atomiques zone.
6:44 of 1st period - Matt Watkins is hit by Boyd Gordon and loses puck.
8:53 of 1st period - Off-side.
8:54 of 1st period - Boyd Gordon wins face-off versus D.J King in neutral zone.
8:57 of 1st period - Slapshot by Mattias Ohlund.
8:57 of 1st period - Shot Misses the Net.
9:18 of 1st period - Off-side.
9:19 of 1st period - Michael Frolik wins face-off versus Brandon Dubinsky in neutral zone.
9:26 of 1st period - Wrist shot by Michael Frolik.
9:26 of 1st period - Stopped by Semyon Varlamov without a rebound.
9:27 of 1st period - Brandon Dubinsky wins face-off versus Christian Hanson in Atomiques zone.
9:36 of 1st period - Wrist shot by Daniel Carcillo.
9:36 of 1st period - Stopped by Joey MacDonald with a rebound.
10:06 of 1st period - Shawn Belle is hit by D.J King and loses puck.
10:27 of 1st period - Wrist shot by John Zeiler.
10:27 of 1st period - Shot Misses the Net.
11:01 of 1st period - Snap shot by Ben Guite.
11:01 of 1st period - Stopped by Semyon Varlamov without a rebound.
11:02 of 1st period - Christian Hanson wins face-off versus Brandon Dubinsky in Atomiques zone.
11:11 of 1st period - Slapshot by Daniel Carcillo.
11:11 of 1st period - Shot Blocked by Ben Guite.
11:13 of 1st period - Wrist shot by Phil Kessel.
11:13 of 1st period - Stopped by Joey MacDonald without a rebound.
11:14 of 1st period - Brandon Dubinsky wins face-off versus Christian Hanson in Patriotes zone.
11:17 of 1st period - Wrist shot by Daniel Carcillo.
11:17 of 1st period - Stopped by Joey MacDonald with a rebound.
11:19 of 1st period - Snap shot by Brandon Dubinsky.
11:19 of 1st period - Stopped by Joey MacDonald without a rebound.
11:20 of 1st period - Brandon Dubinsky wins face-off versus Christian Hanson in Patriotes zone.
11:33 of 1st period - Slapshot by Daniel Carcillo.
11:33 of 1st period - Stopped by Joey MacDonald without a rebound.
11:34 of 1st period - Christian Hanson wins face-off versus Boyd Gordon in Patriotes zone.
12:11 of 1st period - Wrist shot by D.J King.
12:11 of 1st period - Stopped by Semyon Varlamov without a rebound.
12:12 of 1st period - Andreas Nodl wins face-off versus Boyd Gordon in Atomiques zone.
12:27 of 1st period - Wrist shot by Boyd Gordon.
12:27 of 1st period - Stopped by Joey MacDonald with a rebound.
12:49 of 1st period - Snap shot by Pat Rissmiller.
12:49 of 1st period - Stopped by Joey MacDonald without a rebound.
12:50 of 1st period - Brandon Dubinsky wins face-off versus Christian Hanson in Patriotes zone.
13:03 of 1st period - Slapshot by Ben Guite.
13:03 of 1st period - Shot Misses the Net.
13:26 of 1st period - Slapshot by Daniel Carcillo.
13:26 of 1st period - Shot Misses the Net.
13:28 of 1st period - Slapshot by Andy Greene.
13:28 of 1st period - Shot Misses the Net.
13:30 of 1st period - Slapshot by Andy Greene.
13:30 of 1st period - Shot Blocked by A.J Thelen.
13:32 of 1st period - Snap shot by Phil Kessel.
13:32 of 1st period - Stopped by Joey MacDonald without a rebound.
13:33 of 1st period - Boyd Gordon wins face-off versus Christian Hanson in Patriotes zone.
13:38 of 1st period - Snap shot by Boyd Gordon.
13:38 of 1st period - Stopped by Joey MacDonald without a rebound.
13:39 of 1st period - Christian Hanson wins face-off versus Boyd Gordon in Patriotes zone.
14:14 of 1st period - Snap shot by John Zeiler.
14:14 of 1st period - Stopped by Joey MacDonald with a rebound.
14:16 of 1st period - Slapshot by Mattias Ohlund.
14:16 of 1st period - Stopped by Joey MacDonald with a rebound.
14:48 of 1st period - A.J Thelen is hit by Brendon Nash and loses puck.
16:01 of 1st period - Andy Greene is hit by Ben Guite and loses puck.
16:37 of 1st period - Andreas Nodl is hit by Boyd Gordon and loses puck.
16:53 of 1st period - Icing by Brett Skinner.
16:54 of 1st period - Brandon Dubinsky wins face-off versus D.J King in Patriotes zone.
17:03 of 1st period - Wrist shot by Phil Kessel.
17:03 of 1st period - Shot Misses the Net.
17:48 of 1st period - Pat Rissmiller is hit by Joe Charlebois and loses puck.
18:04 of 1st period - Off-side.
18:05 of 1st period - Brett Sutter wins face-off versus Christian Hanson in neutral zone.
18:22 of 1st period - Slapshot by Mattias Ohlund.
18:22 of 1st period - Goal by Mattias Ohlund - Atomiques : 1 - Patriotes : 0.
18:23 of 1st period - Phil Kessel wins face-off versus Christian Hanson in neutral zone.
18:36 of 1st period - Slapshot by Michael Frolik.
18:36 of 1st period - Shot Blocked by Mattias Ohlund.
18:38 of 1st period - Wrist shot by Aaron Ward.
18:38 of 1st period - Stopped by Semyon Varlamov with a rebound.
18:48 of 1st period - Daniel Carcillo is hit by Mathieu Perreault and loses puck.
19:15 of 1st period - Wrist shot by Brandon Dubinsky.
19:15 of 1st period - Goal by Brandon Dubinsky - Atomiques : 2 - Patriotes : 0.
19:16 of 1st period - Michael Frolik wins face-off versus Kyle Okposo in neutral zone.
19:53 of 1st period - Snap shot by Pat Rissmiller.
19:53 of 1st period - Stopped by Joey MacDonald without a rebound.
19:54 of 1st period - Brandon Dubinsky wins face-off versus Christian Hanson in Patriotes zone.
2nd period
0:01 of 2nd period - Brandon Dubinsky wins face-off versus Ben Guite in neutral zone.
0:04 of 2nd period - Snap shot by Brandon Dubinsky.
0:04 of 2nd period - Stopped by Joey MacDonald with a rebound.
0:06 of 2nd period - Slapshot by Phil Kessel.
0:06 of 2nd period - Shot Misses the Net.
0:08 of 2nd period - Snap shot by Wes O'Neill.
0:08 of 2nd period - Stopped by Joey MacDonald with a rebound.
0:10 of 2nd period - Slapshot by Wes O'Neill.
0:10 of 2nd period - Stopped by Joey MacDonald with a rebound.
0:12 of 2nd period - Snap shot by Brandon Dubinsky.
0:12 of 2nd period - Shot Misses the Net.
0:53 of 2nd period - Slapshot by Andrei Zyuzin.
0:53 of 2nd period - Shot Hit the Post.
0:55 of 2nd period - Wrist shot by Mathieu Perreault.
0:55 of 2nd period - Goal by Mathieu Perreault - Atomiques : 2 - Patriotes : 1.
0:56 of 2nd period - Christian Hanson wins face-off versus Brandon Dubinsky in neutral zone.
1:01 of 2nd period - Slapshot by Ben Guite.
1:01 of 2nd period - Stopped by Semyon Varlamov with a rebound.
2:29 of 2nd period - Wrist shot by Phil Kessel.
2:29 of 2nd period - Shot Blocked by Brett Skinner.
2:31 of 2nd period - Snap shot by Phil Kessel.
2:31 of 2nd period - Shot Blocked by Brett Skinner.
2:33 of 2nd period - Slapshot by Wes O'Neill.
2:33 of 2nd period - Shot Blocked by Brett Skinner.
2:39 of 2nd period - Michael Frolik is hit by Wes O'Neill and loses puck.
2:54 of 2nd period - Snap shot by Phil Kessel.
2:54 of 2nd period - Stopped by Joey MacDonald with a rebound.
2:56 of 2nd period - Snap shot by Mattias Ohlund.
2:56 of 2nd period - Deflect By Daniel Carcillo.
2:56 of 2nd period - Shot Misses the Net.
2:56 of 2nd period - Puck is out of play.
2:57 of 2nd period - Ryan Potulny wins face-off versus Boyd Gordon in Patriotes zone.
3:08 of 2nd period - Wrist shot by D.J King.
3:08 of 2nd period - Shot Misses the Net.
3:10 of 2nd period - Snap shot by Andrew Gordon.
3:10 of 2nd period - Shot Misses the Net.
3:22 of 2nd period - Boyd Gordon is hit by Andrei Zyuzin.
3:32 of 2nd period - Wrist shot by Boyd Gordon.
3:32 of 2nd period - Shot Misses the Net.
3:34 of 2nd period - Snap shot by Kyle Okposo.
3:34 of 2nd period - Goal by Kyle Okposo - Atomiques : 3 - Patriotes : 1.
3:35 of 2nd period - Ryan Potulny wins face-off versus Kyle Turris in neutral zone.
3:42 of 2nd period - Snap shot by D.J King.
3:42 of 2nd period - Stopped by Semyon Varlamov with a rebound.
3:44 of 2nd period - Slapshot by Andrei Zyuzin.
3:44 of 2nd period - Shot Blocked by Brendon Nash.
3:48 of 2nd period - Snap shot by D.J King.
3:48 of 2nd period - Deflect By Andrew Gordon.
3:48 of 2nd period - Shot Blocked by Adam Pardy.
3:48 of 2nd period - Puck is out of play.
3:49 of 2nd period - Ryan Potulny wins face-off versus Boyd Gordon in Atomiques zone.
4:19 of 2nd period - Slapshot by Aaron Ward.
4:19 of 2nd period - Stopped by Semyon Varlamov without a rebound.
4:20 of 2nd period - Kyle Turris wins face-off versus Mathieu Perreault in Atomiques zone.
4:26 of 2nd period - Icing by Andy Greene.
4:27 of 2nd period - Kyle Turris wins face-off versus D.J King in Atomiques zone.
5:01 of 2nd period - Davis Drewiske is hit by Boyd Gordon and loses puck.
5:32 of 2nd period - Icing by Kevin Estrada.
5:33 of 2nd period - Ryan Potulny wins face-off versus Brett Sutter in Atomiques zone.
5:36 of 2nd period - Snap shot by D.J King.
5:36 of 2nd period - Shot Misses the Net.
6:00 of 2nd period - Adam Pardy is hit by Fedor Fedorov and loses puck.
6:07 of 2nd period - Slapshot by Fedor Fedorov.
6:07 of 2nd period - Shot Misses the Net.
6:23 of 2nd period - Wrist shot by Boyd Gordon.
6:23 of 2nd period - Shot Misses the Net.
6:59 of 2nd period - Snap shot by Michael Frolik.
6:59 of 2nd period - Shot Misses the Net.
7:07 of 2nd period - Wrist shot by Pat Rissmiller.
7:07 of 2nd period - Deflect By John Zeiler.
7:07 of 2nd period - Shot Misses the Net.
7:07 of 2nd period - Puck is out of play.
7:08 of 2nd period - Andreas Nodl wins face-off versus Boyd Gordon in Patriotes zone.
7:23 of 2nd period - Andreas Nodl is hit by Wes O'Neill and loses puck.
7:44 of 2nd period - Snap shot by Daniel Carcillo.
7:44 of 2nd period - Shot Misses the Net.
7:46 of 2nd period - Wrist shot by Phil Kessel.
7:46 of 2nd period - Shot Misses the Net.
7:59 of 2nd period - A.J Thelen is hit by Pat Rissmiller and loses puck.
8:06 of 2nd period - Wrist shot by Andrew Gordon.
8:06 of 2nd period - Goal by Andrew Gordon - Atomiques : 3 - Patriotes : 2.
8:07 of 2nd period - Christian Hanson wins face-off versus Brandon Dubinsky in neutral zone.
8:32 of 2nd period - Kyle Okposo is hit by Andrew Gordon.
8:38 of 2nd period - Snap shot by D.J King.
8:38 of 2nd period - Shot Misses the Net.
8:58 of 2nd period - Slapshot by Brendon Nash.
8:58 of 2nd period - Shot Blocked by Davis Drewiske.
9:00 of 2nd period - Snap shot by Pat Rissmiller.
9:00 of 2nd period - Shot Misses the Net.
9:02 of 2nd period - Slapshot by Brendon Nash.
9:02 of 2nd period - Deflect By Fedor Fedorov.
9:02 of 2nd period - Stopped by Joey MacDonald with a rebound.
9:25 of 2nd period - Mattias Ohlund is hit by T.J Galiardi and loses puck.
10:32 of 2nd period - Snap shot by Boyd Gordon.
10:32 of 2nd period - Shot Blocked by A.J Thelen.
10:34 of 2nd period - Backhand shot by Denis Hamel.
10:34 of 2nd period - Stopped by Joey MacDonald with a rebound.
11:01 of 2nd period - Wrist shot by Boyd Gordon.
11:01 of 2nd period - Stopped by Joey MacDonald with a rebound.
11:03 of 2nd period - Slapshot by Mattias Ohlund.
11:03 of 2nd period - Shot Misses the Net.
11:05 of 2nd period - Snap shot by Wes O'Neill.
11:05 of 2nd period - Stopped by Joey MacDonald with a rebound.
11:09 of 2nd period - Slapshot by Boyd Gordon.
11:09 of 2nd period - Stopped by Joey MacDonald without a rebound.
11:10 of 2nd period - Brandon Dubinsky wins face-off versus Ryan Potulny in Patriotes zone.
11:58 of 2nd period - Andrei Zyuzin is hit by Andy Greene and loses puck.
12:26 of 2nd period - Wrist shot by Brandon Dubinsky.
12:26 of 2nd period - Stopped by Joey MacDonald without a rebound.
12:27 of 2nd period - Brandon Dubinsky wins face-off versus Andrew Gordon in Patriotes zone.
12:36 of 2nd period - Wrist shot by Brandon Dubinsky.
12:36 of 2nd period - Stopped by Joey MacDonald with a rebound.
12:48 of 2nd period - Wrist shot by Andrew Gordon.
12:48 of 2nd period - Stopped by Semyon Varlamov without a rebound.
12:49 of 2nd period - Christian Hanson wins face-off versus Denis Hamel in Atomiques zone.
12:56 of 2nd period - Snap shot by Michael Frolik.
12:56 of 2nd period - Shot Misses the Net.
12:58 of 2nd period - Slapshot by Ben Guite.
12:58 of 2nd period - Shot Misses the Net.
13:00 of 2nd period - Wrist shot by Christian Hanson.
13:00 of 2nd period - Shot Misses the Net.
13:02 of 2nd period - Snap shot by Michael Frolik.
13:02 of 2nd period - Stopped by Semyon Varlamov with a rebound.
13:04 of 2nd period - Slapshot by Ben Guite.
13:04 of 2nd period - Shot Blocked by Shawn Belle.
13:19 of 2nd period - Snap shot by Andreas Nodl.
13:19 of 2nd period - Shot Misses the Net.
13:35 of 2nd period - Wrist shot by Phil Kessel.
13:35 of 2nd period - Shot Misses the Net.
14:01 of 2nd period - Snap shot by Nick Johnson.
14:01 of 2nd period - Shot Misses the Net.
14:33 of 2nd period - Snap shot by Andrew Gordon.
14:33 of 2nd period - Shot Misses the Net.
14:37 of 2nd period - Snap shot by D.J King.
14:37 of 2nd period - Stopped by Semyon Varlamov with a rebound.
14:39 of 2nd period - Slapshot by Ryan Potulny.
14:39 of 2nd period - Shot Misses the Net.
15:09 of 2nd period - Wrist shot by Boyd Gordon.
15:09 of 2nd period - Shot Misses the Net.
15:11 of 2nd period - Snap shot by Denis Hamel.
15:11 of 2nd period - Deflect By Kyle Okposo.
15:11 of 2nd period - Shot Blocked by A.J Thelen.
15:11 of 2nd period - Puck is out of play.
15:12 of 2nd period - Ryan Potulny wins face-off versus Brandon Dubinsky in Patriotes zone.
15:19 of 2nd period - Slapshot by Aaron Ward.
15:19 of 2nd period - Stopped by Semyon Varlamov without a rebound.
15:20 of 2nd period - Ryan Potulny wins face-off versus Brandon Dubinsky in Atomiques zone.
15:33 of 2nd period - Snap shot by Daniel Carcillo.
15:33 of 2nd period - Shot Misses the Net.
16:05 of 2nd period - Snap shot by Andrew Gordon.
16:05 of 2nd period - Shot Hit the Post.
16:07 of 2nd period - Slapshot by Andrei Zyuzin.
16:07 of 2nd period - Shot Misses the Net.
16:11 of 2nd period - Slapshot by Andrew Gordon.
16:11 of 2nd period - Shot Misses the Net.
16:13 of 2nd period - Wrist shot by Andrew Gordon.
16:13 of 2nd period - Deflect By Ryan Potulny.
16:13 of 2nd period - Stopped by Semyon Varlamov with a rebound.
16:15 of 2nd period - Slapshot by Andrew Gordon.
16:15 of 2nd period - Stopped by Semyon Varlamov with a rebound.
16:17 of 2nd period - Wrist shot by Ryan Potulny.
16:17 of 2nd period - Stopped by Semyon Varlamov without a rebound.
16:18 of 2nd period - Christian Hanson wins face-off versus Boyd Gordon in Atomiques zone.
16:37 of 2nd period - Michael Frolik is hit by Adam Pardy and loses puck.
16:54 of 2nd period - Snap shot by Fedor Fedorov.
16:54 of 2nd period - Stopped by Semyon Varlamov without a rebound.
16:55 of 2nd period - Mathieu Perreault wins face-off versus Kyle Turris in Atomiques zone.
17:40 of 2nd period - Snap shot by D.J King.
17:40 of 2nd period - Goal by D.J King - Atomiques : 3 - Patriotes : 3.
17:41 of 2nd period - Brandon Dubinsky wins face-off versus Michael Frolik in neutral zone.
18:27 of 2nd period - Andreas Nodl is hit by Adam Pardy and loses puck.
18:34 of 2nd period - Snap shot by John Zeiler.
18:34 of 2nd period - Stopped by Joey MacDonald without a rebound.
18:35 of 2nd period - Brandon Dubinsky wins face-off versus Ben Guite in Patriotes zone.
18:35 of 2nd period - Minor Penalty to Christian Hanson for Holding.
18:36 of 2nd period - Michael Frolik wins face-off versus Brandon Dubinsky in Patriotes zone.
19:28 of 2nd period - A.J Thelen is hit by Wes O'Neill and loses puck.
3rd period
0:01 of 3rd period - Brandon Dubinsky wins face-off versus Michael Frolik in neutral zone.
0:35 of 3rd period - Penalty to Christian Hanson is over, Christian Hanson is back on ice.
0:56 of 3rd period - Wrist shot by D.J King.
0:56 of 3rd period - Stopped by Semyon Varlamov with a rebound.
0:58 of 3rd period - Snap shot by Andrew Gordon.
0:58 of 3rd period - Deflect By Ryan Potulny.
0:58 of 3rd period - Stopped by Semyon Varlamov with a rebound.
1:00 of 3rd period - Backhand shot by D.J King.
1:00 of 3rd period - Shot Misses the Net.
1:02 of 3rd period - Snap shot by D.J King.
1:02 of 3rd period - Shot Misses the Net.
1:04 of 3rd period - Backhand shot by Andrew Gordon.
1:04 of 3rd period - Goal by Andrew Gordon - Atomiques : 3 - Patriotes : 4.
1:05 of 3rd period - Ryan Potulny wins face-off versus Brandon Dubinsky in neutral zone.
1:17 of 3rd period - Minor Penalty to Phil Kessel for Hooking.
1:18 of 3rd period - Christian Hanson wins face-off versus Boyd Gordon in Atomiques zone.
2:18 of 3rd period - Icing by Michael Frolik.
2:19 of 3rd period - Boyd Gordon wins face-off versus Christian Hanson in Patriotes zone.
2:47 of 3rd period - Icing by Brett Skinner.
2:48 of 3rd period - Boyd Gordon wins face-off versus Ryan Potulny in Patriotes zone.
3:17 of 3rd period - Penalty to Phil Kessel is over, Phil Kessel is back on ice.
3:24 of 3rd period - Snap shot by Mathieu Perreault.
3:24 of 3rd period - Stopped by Semyon Varlamov with a rebound.
3:38 of 3rd period - Snap shot by Phil Kessel.
3:38 of 3rd period - Deflect By John Zeiler.
3:38 of 3rd period - Deflect By Aaron Ward.
3:38 of 3rd period - Stopped by Joey MacDonald without a rebound.
3:39 of 3rd period - Brett Sutter wins face-off versus Christian Hanson in Patriotes zone.
4:04 of 3rd period - Phil Kessel is hit by Andreas Nodl and loses puck.
5:45 of 3rd period - Snap shot by Andrew Gordon.
5:45 of 3rd period - Shot Blocked by Denis Hamel.
5:47 of 3rd period - Snap shot by D.J King.
5:47 of 3rd period - Shot Blocked by Boyd Gordon.
5:49 of 3rd period - Snap shot by Andrew Gordon.
5:49 of 3rd period - Stopped by Semyon Varlamov with a rebound.
6:39 of 3rd period - Snap shot by Daniel Carcillo.
6:39 of 3rd period - Shot Misses the Net.
7:30 of 3rd period - Icing by Phil Kessel.
7:31 of 3rd period - Brandon Dubinsky wins face-off versus D.J King in Atomiques zone.
7:56 of 3rd period - Andrei Zyuzin is hit by Kyle Okposo and loses puck.
9:04 of 3rd period - Wrist shot by Daniel Carcillo.
9:04 of 3rd period - Shot Misses the Net.
9:43 of 3rd period - Icing by Ryan Potulny.
9:44 of 3rd period - Daniel Carcillo wins face-off versus D.J King in Patriotes zone.
9:59 of 3rd period - Slapshot by Andy Greene.
9:59 of 3rd period - Shot Misses the Net.
10:13 of 3rd period - Wrist shot by John Zeiler.
10:13 of 3rd period - Stopped by Joey MacDonald without a rebound.
10:14 of 3rd period - John Zeiler wins face-off versus Christian Hanson in Patriotes zone.
10:19 of 3rd period - Wrist shot by Pat Rissmiller.
10:19 of 3rd period - Stopped by Joey MacDonald without a rebound.
10:20 of 3rd period - Brandon Dubinsky wins face-off versus Christian Hanson in Patriotes zone.
10:29 of 3rd period - Snap shot by Phil Kessel.
10:29 of 3rd period - Stopped by Joey MacDonald with a rebound.
10:39 of 3rd period - Michael Frolik is hit by Andy Greene and loses puck.
11:16 of 3rd period - Andrei Zyuzin is hit by John Zeiler and loses puck.
11:31 of 3rd period - Andrei Zyuzin is hit by Mattias Ohlund and loses puck.
11:32 of 3rd period - Andrei Zyuzin from Patriotes is injured at 11:32 of 3rd period (Bruised Right Shoulder).
11:33 of 3rd period - Christian Hanson wins face-off versus Brandon Dubinsky in Patriotes zone.
11:58 of 3rd period - Christian Hanson is hit by Pat Rissmiller and loses puck.
12:23 of 3rd period - Snap shot by Christian Hanson.
12:23 of 3rd period - Goal by Christian Hanson - Atomiques : 3 - Patriotes : 5.
12:24 of 3rd period - Brandon Dubinsky wins face-off versus Ryan Potulny in neutral zone.
12:33 of 3rd period - Wrist shot by Andrew Gordon.
12:33 of 3rd period - Deflect By D.J King.
12:33 of 3rd period - Shot Misses the Net.
12:33 of 3rd period - Puck is out of play.
12:34 of 3rd period - Ryan Potulny wins face-off versus Brandon Dubinsky in Atomiques zone.
12:41 of 3rd period - Wrist shot by Andrew Gordon.
12:41 of 3rd period - Stopped by Semyon Varlamov with a rebound.
12:49 of 3rd period - Snap shot by D.J King.
12:49 of 3rd period - Stopped by Semyon Varlamov with a rebound.
12:51 of 3rd period - Slapshot by Brett Skinner.
12:51 of 3rd period - Shot Blocked by Brandon Dubinsky.
12:53 of 3rd period - Slapshot by D.J King.
12:53 of 3rd period - Stopped by Semyon Varlamov without a rebound.
12:54 of 3rd period - Boyd Gordon wins face-off versus Christian Hanson in Atomiques zone.
13:09 of 3rd period - Snap shot by Michael Frolik.
13:09 of 3rd period - Shot Misses the Net.
13:19 of 3rd period - Aaron Ward is hit by Brandon Dubinsky and loses puck.
13:46 of 3rd period - Slapshot by Mattias Ohlund.
13:46 of 3rd period - Stopped by Joey MacDonald with a rebound.
13:48 of 3rd period - Snap shot by Pat Rissmiller.
13:48 of 3rd period - Stopped by Joey MacDonald with a rebound.
13:52 of 3rd period - Snap shot by John Zeiler.
13:52 of 3rd period - Stopped by Joey MacDonald with a rebound.
13:54 of 3rd period - Snap shot by Kyle Turris.
13:54 of 3rd period - Stopped by Joey MacDonald with a rebound.
14:30 of 3rd period - Wrist shot by Brendon Nash.
14:30 of 3rd period - Shot Blocked by Brett Skinner.
14:32 of 3rd period - Slapshot by Brendon Nash.
14:32 of 3rd period - Shot Misses the Net.
16:08 of 3rd period - Slapshot by Daniel Carcillo.
16:08 of 3rd period - Shot Blocked by Davis Drewiske.
16:24 of 3rd period - Wrist shot by John Zeiler.
16:24 of 3rd period - Deflect By Kyle Turris.
16:24 of 3rd period - Shot Misses the Net.
16:24 of 3rd period - Puck is out of play.
16:25 of 3rd period - Brandon Dubinsky wins face-off versus Christian Hanson in Patriotes zone.
16:28 of 3rd period - Wrist shot by Daniel Carcillo.
16:28 of 3rd period - Deflect By Brandon Dubinsky.
16:28 of 3rd period - Shot Misses the Net.
16:28 of 3rd period - Puck is out of play.
16:29 of 3rd period - Brandon Dubinsky wins face-off versus Christian Hanson in Patriotes zone.
16:39 of 3rd period - Minor Penalty to Nigel Williams for Interference.
16:40 of 3rd period - Brandon Dubinsky wins face-off versus Michael Frolik in Patriotes zone.
16:49 of 3rd period - Snap shot by Phil Kessel.
16:49 of 3rd period - Deflect By Daniel Carcillo.
16:49 of 3rd period - Goal by Daniel Carcillo - Atomiques : 4 - Patriotes : 5.
16:50 of 3rd period - Brandon Dubinsky wins face-off versus Matt Watkins in neutral zone.
17:17 of 3rd period - Davis Drewiske is hit by Wes O'Neill.
17:23 of 3rd period - Wrist shot by Pat Rissmiller.
17:23 of 3rd period - Stopped by Joey MacDonald with a rebound.
17:41 of 3rd period - Christian Hanson is hit by Kyle Okposo and loses puck.
17:46 of 3rd period - Slapshot by Brendon Nash.
17:46 of 3rd period - Stopped by Joey MacDonald with a rebound.
17:48 of 3rd period - Wrist shot by Denis Hamel.
17:48 of 3rd period - Stopped by Joey MacDonald with a rebound.
18:02 of 3rd period - Snap shot by Aaron Ward.
18:02 of 3rd period - Stopped by Semyon Varlamov with a rebound.
18:04 of 3rd period - Slapshot by Davis Drewiske.
18:04 of 3rd period - Shot Blocked by Shawn Belle.
18:06 of 3rd period - Wrist shot by Aaron Ward.
18:06 of 3rd period - Stopped by Semyon Varlamov with a rebound.
18:08 of 3rd period - Slapshot by Davis Drewiske.
18:08 of 3rd period - Shot Misses the Net.
18:10 of 3rd period - Wrist shot by Andreas Nodl.
18:10 of 3rd period - Shot Blocked by Kyle Okposo.
18:20 of 3rd period - Boyd Gordon is hit by D.J King and loses puck.
18:52 of 3rd period - Minor Penalty to Brett Skinner for Holding.
18:52 of 3rd period - Minor Penalty to Adam Pardy for Hooking.
18:53 of 3rd period - Brandon Dubinsky wins face-off versus Michael Frolik in Atomiques zone.
19:00 of 3rd period - Atomiques, Semyon Varlamov is pulled from the net.
19:00 of 3rd period - Slapshot by Daniel Carcillo.
19:00 of 3rd period - Shot Misses the Net.
19:06 of 3rd period - Wes O'Neill is hit by Ben Guite and loses puck.
19:37 of 3rd period - Joe Charlebois is hit by Boyd Gordon.
Output by the SimonT Hockey Simulator (STHS) for François Prévost -- Original Page W3C XHTML 1.0 Valid